 Dungeon Crawl Stone Soup version 0.31.0-11-ge490571c62 (webtiles) character file.

Game seed: 3005026304607177355

76 qw the Shooter (level 4, -3/22 HPs)
             Began as a Spriggan Hunter on Feb 4, 2024.
             Incinerated by a bombardier beetle (4 damage)
             ... with a burning spray
             ... on level 3 of the Dungeon.
             The game lasted 00:00:05 (1520 turns).

qw the Shooter (Spriggan Hunter)                    Turns: 1520, Time: 00:00:06

Health: -3/22      AC:  3    Str:  7    XL:     4   Next: 12%
Magic:  5/5        EV: 19    Int: 10    God:
Gold:   40         SH:  0    Dex: 20    Spells: 3/3 levels left

rFire   . . .        a - +0 shortbow
rCold   . . .        (shield currently unavailable)
rNeg    . . .        c - +0 robe
rPois   +            (helmet restricted)
rElec   .            d - +0 cloak {rPois}
rCorr   .            (gloves unavailable)
SInv    +            (boots unavailable)
Will    .....        (no amulet)
Stlth   +            (no ring)
HPRegen 0.23/turn    (no ring)
MPRegen 0.09/turn

%: no passive effects
@: on fire, glowing, very quick
A: very small, no large weapons, unfitting armour, see invisible, speed 3
a: no special abilities


You were on level 3 of the Dungeon.
You visited 1 branch of the dungeon, and saw 3 of its levels.

You collected 64 gold pieces.
You spent 24 gold pieces at shops.


Innate Abilities, Weirdness & Mutations

You are very small and have problems with some larger weapons.
You are too small for most types of armour.
You have supernaturally acute eyesight. (SInv)
You cover ground extremely quickly. (Speed+++)


   Skills:
 - Level 1.5 Fighting
 - Level 5.1 Ranged Weapons
 + Level 4.2 Dodging
 - Level 1.5 Stealth


You had 3 spell levels left.
You didn't know any spells.
Your spell library was empty.

Inventory:

Hand Weapons
 a - a +0 shortbow (weapon)
Armour
 c - a +0 robe (worn)
 d - a +0 cloak of poison resistance (worn)
Potions
 b - a potion of haste
 i - a potion of curing
 j - a potion of resistance

Dungeon Overview and Level Annotations

Branches:
Dungeon (3/15)

Altars:

Shops:
D:2 ?


Message History

You shoot an arrow. The arrow hits the bombardier beetle.
The bombardier beetle is severely wounded.
You shoot an arrow.
The arrow closely misses the bombardier beetle.
The bombardier beetle bites you.
You shoot an arrow.
The arrow hits the bombardier beetle but does no damage.
The bombardier beetle is severely wounded.
You shoot an arrow.
The arrow hits the bombardier beetle but does no damage.
The bombardier beetle is severely wounded.
The bombardier beetle sprays incendiary fluid at you.
The burning spray hits you.
You are covered in liquid fire!
You shoot an arrow.
The arrow barely misses the bombardier beetle.
The liquid fire burns you! The bombardier beetle misses you.
You shoot an arrow. The arrow hits the bombardier beetle.
The bombardier beetle is severely wounded.
The liquid fire burns you!
You shoot an arrow.
The arrow hits the bombardier beetle but does no damage.
The bombardier beetle is severely wounded.
The liquid fire burns you!
The bombardier beetle sprays incendiary fluid at you.
The burning spray hits you.
You are even more covered in liquid fire!
You shoot an arrow.
The arrow hits the bombardier beetle but does no damage.
The bombardier beetle is severely wounded.
The liquid fire burns you!
The bombardier beetle closely misses you.
You shoot an arrow.
The arrow barely misses the bombardier beetle.
The liquid fire burns you!
You shoot an arrow. The arrow hits the bombardier beetle.
You kill the bombardier beetle!
The liquid fire burns you!
You die...

### ##########.####
#.............#
#.########..#.########
#.# #..#.........
##.########..###########
......%.8...............
.#...<#8...........##
........(.%...##@#......
.......P.P....##.# .....
....####..#....... ....
....# #..#........ ...
..... ......#.##.... ..
.#.## ###...#.##..... .
... ..#.#. #......
#.....8.


There were no monsters in sight!

Vanquished Creatures
  A bombardier beetle (D:3)
  2 adders (D:2)
  An adder skeleton (D:3)
  A ribbon worm (D:2)
  2 bats
  2 endoplasms (D:1)
  A giant cockroach (D:1)
  7 goblins
  5 hobgoblins
  8 kobolds
  2 quokkas
  8 ball pythons
  4 frilled lizards
  6 rats
50 creatures vanquished.

Notes
Turn   | Place    | Note
-------+----------+-------------------------------------------
     0 | D:1      | qw the Spriggan Hunter began the quest for the Orb.
     0 | D:1      | Reached XP level 1. HP: 10/10 MP: 2/2
     0 | D:1      | 0 ||| qw: Version: 0.3-a-160-g6735b56
     0 | D:1      | 0 ||| qw: Game counter: 5652
     0 | D:1      | 0 ||| qw: Melee chars always use a shield: true
     0 | D:1      | 0 ||| qw: God list: Okawaru
     0 | D:1      | 0 ||| qw: Allow faded altars: false
     0 | D:1      | 0 ||| qw: Do Orc after clearing Dungeon:15 true
     0 | D:1      | 0 ||| qw: Do second Lair branch before Depths: true
     0 | D:1      | 0 ||| qw: Lair rune preference: random
     0 | D:1      | 0 ||| qw: Goals: Normal
     0 | D:1      | 0 ||| PLANNING D:1-11
   100 | D:1      | Reached skill level 3 in Dodging
   250 | D:1      | Reached XP level 2. HP: 14/14 MP: 3/3
   706 | D:1      | 706 ||| READING scroll labelled BIWEIW SESSY.
   807 | D:1      | 807 ||| DROPPING scroll of butterflies.
   904 | D:2      | Reached XP level 3. HP: 18/18 MP: 4/4
   976 | D:2      | Found Woirghuw's Magic Scroll Shop.
   979 | D:2      | 979 ||| BUYING scroll of identify (24 gold).
   979 | D:2      | Bought a scroll of identify for 24 gold pieces
   979 | D:2      | 979 ||| SHOPLISTING scroll of identify (24 gold, have 15).
   979 | D:2      | 979 ||| SHOPLISTING scroll of teleportation (36 gold, have
                  | 15).
  1250 | D:2      | Reached skill level 5 in Ranged Weapons
  1300 | D:2      | Reached XP level 4. HP: 22/22 MP: 5/5
  1426 | D:2      | 1426 ||| READING 4 scrolls of identify.
  1426 | D:2      | 1426 ||| IDENTIFYING emerald potion
  1427 | D:2      | 1427 ||| READING 3 scrolls of identify.
  1427 | D:2      | 1427 ||| IDENTIFYING inky potion
  1428 | D:2      | 1428 ||| READING 2 scrolls of identify.
  1428 | D:2      | 1428 ||| IDENTIFYING black potion
  1429 | D:2      | 1429 ||| READING scroll of identify.
  1429 | D:2      | 1429 ||| IDENTIFYING metallic ruby potion
  1430 | D:2      | 1430 ||| READING scroll labelled ZUKLUAHALL.
  1431 | D:2      | 1431 ||| READING scroll labelled URUZOFF QUYDU.
  1432 | D:2      | 1432 ||| READING scroll labelled GOG KACOUTAMOU.
  1432 | D:2      | Identified a scroll of acquirement
  1432 | D:2      | 1432 ||| ACQUIRING +0 cloak of poison resistance
  1432 | D:2      | Acquired a +0 cloak of poison resistance
  1434 | D:2      | 1434 ||| UPGRADING to +0 cloak of poison resistance.
  1439 | D:2      | 1439 ||| DROPPING potion of magic.
  1518 | D:3      | HP: 5/22 [burnt (2)]
  1519 | D:3      | HP: 1/22 [burnt (4)]
  1520 | D:3      | Incinerated by a bombardier beetle

Levels and vault maps discovered:
D:1:      dpeg_arrival_water_fire, layout_basic, minivault_25
D:2:      layout_basic, serial_shops, nicolae_shop_tiny_real_fake_doors
D:3:      minmay_razor_zed, layout_basic, serial_undead, serial_undead_e,
          serial_undead_a, serial_undead_d, serial_undead_c, serial_undead_c

Skill      XL: |  1  2  3 |
---------------+----------+-----
Dodging        | 3 4 |  4.2
Ranged Weapons | 5 |  5.1
Fighting       | |  1.5
Stealth        | |  1.5

Action                     |  1- 3 |  4- 6 || total
---------------------------+-------+-------++-------
   Fire: Shortbow          |   116 |    25 ||   141
    Use: Scroll            |     1 |     7 ||     8
 Armour: Robe              |    12 |     3 ||    15
  Dodge: Dodged            |    49 |     7 ||    56

Table legend:
 A = Non-vault XP
 B = Vault XP
 C = Vault XP percentage of total XP
 D = Non-vault monster count
 E = Vault monster count
 F = Vault count percentage of total count
                 A         B        C        D         E       F
            +---------+---------+-------+---------+---------+-------
      Total |     146 |       5 |   3.3 |      49 |       1 |   2.0
            +---------+---------+-------+---------+---------+-------
        D:1 |      36 |       0 |   0.0 |      22 |       0 |   0.0
        D:2 |      65 |       0 |   0.0 |      24 |       0 |   0.0
        D:3 |      45 |       5 |  10.0 |       3 |       1 |  25.0
            +---------+---------+-------+---------+---------+-------
